 Dungeon Crawl Stone Soup version 0.21.1-1-g345015fe64 (webtiles) character file.

93 Bergy the Chucker (level 4, -1/37 HPs)
             Began as a Centaur Hunter on July 22, 2018.
             Slain by an orc
             ... wielding a +0 club
              (5 damage)
             ... on level 3 of the Dungeon.
             The game lasted 00:08:59 (2235 turns).

Bergy the Chucker (Centaur Hunter)                  Turns: 2235, Time: 00:08:59

Health: -1/37      AC:  4    Str: 15    XL:     4   Next: 37%
Magic:  4/4        EV:  9    Int: 10    God:
Gold:   105        SH:  0    Dex: 10    Spells: 3/3 levels left

rFire    . . .     SeeInvis .   o - +0 whip
rCold    . . .     Gourm    .   (no shield)
rNeg     . . .     Faith    .   b - +0 leather armour
rPois    .         Spirit   .   (no helmet)
rElec    .         Reflect  .   (no cloak)
rCorr    .         Harm     .   (no gloves)
MR       .....                  (no barding)
Stlth    +.........             (no amulet)
HPRegen  0.12/turn              (no ring)
MPRegen  0.09/turn              (no ring)

@: very quick
A: large, hooves 3, deformed body, speed 2, tough skin 3
a: no special abilities


You were on level 3 of the Dungeon.
You were hungry.

You visited 1 branch of the dungeon, and saw 3 of its levels.

You collected 105 gold pieces.

Inventory:

Hand Weapons
 a - a +0 short sword
 k - a +0 hand axe of chopping
 o - a +0 whip (weapon)
 v - a +0 hunting sling
Missiles
 d - a throwing net (quivered)
 e - 87 stones
Armour
 b - a +0 leather armour (worn)
 u - a cursed +0 scale mail
Jewellery
 x - an uncursed ring of magical power {unknown}
Wands
 q - a wand of digging (13)
 y - a wand of iceblast (4)
Scrolls
 h - 3 scrolls of remove curse {unknown}
 n - a scroll of magic mapping {unknown}
 p - a scroll of noise {unknown}
 r - 2 scrolls of immolation
Potions
 g - a potion of flight {unknown}
 i - a potion of mutation {unknown}
 j - a potion of berserk rage {unknown}
 l - 2 potions of heal wounds {unknown}
 m - 2 potions of lignification {unknown}
 s - 2 potions of curing {unknown}
 t - a potion of ambrosia {unknown}
 w - 2 potions of cancellation {unknown}
Comestibles
 f - 4 rations


   Skills:
 + Level 2.5 Fighting
 - Level 0.2 Short Blades
 * Level 1.2 Maces & Flails
 + Level 5.4 Throwing
 - Level 0.6 Armour
 - Level 1.5 Dodging
 - Level 0.4 Stealth
 * Level 0.4 Evocations


You had 3 spell levels left.
You didn't know any spells.

Dungeon Overview and Level Annotations

Branches:
Dungeon (3/15)

Altars:


Innate Abilities, Weirdness & Mutations

You have hooves in place of feet.
Armour fits poorly on your strangely shaped body.
You cover ground very quickly.
You have extremely tough skin. (AC +3)


Message History

The orc wizard hits you but does no damage.
The orc closely misses you.
You closely miss the orc wizard.
The orc wizard is severely wounded.
The orc wizard hits you with a dagger.
* * * LOW HITPOINT WARNING * * *
The orc hits you but does no damage.
You hit the orc wizard.
You kill the orc wizard!
Your Maces & Flails skill increases to level 1!
You have reached level 4!
You feel agile.
You hit the orc but do no damage. The orc closely misses you.
You completely miss the orc. You kick the orc.
The orc is heavily wounded.
The orc hits you but does no damage.
You barely miss the orc. You kick the orc.
The orc is severely wounded.
The orc hits you with a club.
You die...

###########
#.)@)....(.
#.##o######
######### #.# .#
........# #.# .#
##....#####.##.#
#........).....#
#.......####....#
#.........#
#.##.#
..........# #.#
...


You could see an orc.

Vanquished Creatures
  An orc wizard (D:3)
  3 adders (D:2)
  2 dart slugs (D:1)
  A leopard gecko (D:1)
  4 orcs (D:3)
  3 ball pythons (D:1)
  4 goblins
  4 hobgoblins
  6 bats
  4 rats
32 creatures vanquished.

Notes
Turn   | Place    | Note
-------+----------+-------------------------------------------
     0 | D:1      | Bergy the Centaur Hunter began the quest for the Orb.
     0 | D:1      | Reached XP level 1. HP: 17/17 MP: 1/1
   333 | D:1      | Reached XP level 2. HP: 24/24 MP: 2/2
  1072 | D:2      | Reached skill level 5 in Throwing
  1131 | D:2      | Reached XP level 3. HP: 29/29 MP: 3/3
  2232 | D:3      | Reached skill level 1 in Maces & Flails
  2232 | D:3      | Reached XP level 4. HP: 4/37 MP: 4/4
  2235 | D:3      | Slain by an orc

Skill      XL: |  1  2  3 |
---------------+----------+-----
Throwing       | 5 |  5.4
Maces & Flails | 1 |  1.2
Fighting       | |  2.5
Short Blades   | |  0.2
Armour         | |  0.6
Dodging        | |  1.5
Stealth        | |  0.4
Evocations     | |  0.4

Action                   |  1- 3 |  4- 6 || total
-------------------------+-------+-------++-------
Melee: Short sword       |    25 |       ||    25
       Kick              |    15 |     2 ||    17
       Whip              |    58 |     3 ||    61
Throw: Javelin           |    37 |       ||    37
       Throwing net      |     1 |       ||     1
  Use: Scroll            |     1 |       ||     1
  Eat: Chunk             |     2 |       ||     2
Armor: Leather armour    |    27 |     1 ||    28
Dodge: Dodged            |    52 |     1 ||    53
